 Dungeon Sprint DCSS version 0.19-a0-1637-gfc13266 (webtiles) character file.

455 poirepourri the Covert (level 6, -6/30 HPs)
             Began as a Spriggan Enchanter on Sept 18, 2016.
             Was an Initiate of Dithmenos.
             Asphyxiated
             ... in the Dungeon (Sprint I: "Red Sonja") on Sept 19, 2016.
             The game lasted 00:01:23 (769 turns).

poirepourri the Covert (Spriggan Enchanter)          Turns: 769, Time: 00:01:25

Health: -6/30      AC:  3    Str:  4    XL:     6   Next: 76%
Magic:  6/17       EV: 24    Int: 16    God:    Dithmenos [......]
Gold:   184        SH:  0    Dex: 19    Spells: 5 memorised, 7 levels left

rFire  . . .     SeeInvis +     a - +1 dagger
rCold  . . .     Gourm    .     b - +1 robe
rNeg   . . .     Faith    .     (shield restricted)
rPois  .         Spirit   .     (helmet restricted)
rElec  .         Dismiss  .     (no cloak)
rCorr  .         Reflect  .     (gloves unavailable)
MR     +....     Harm     .     (boots unavailable)
Stlth  ++++++.... NoTele   +    (no amulet)
                                (no ring)
                                (no ring)

@: lethally poisoned (-6 -> -29), very slightly contaminated, slowed, quick
A: unfitting armour, see invisible, herbivore 3, speed 3, slow metabolism 2
a: Renounce Religion


You were in the Dungeon.
You worshipped Dithmenos.
Dithmenos was noncommittal.
You were not hungry.

You visited 1 branch You collected 323 gold pieces.
You spent 139 gold pieces at shops.

Inventory:

Hand Weapons
 a - a +1 dagger (weapon)
 k - a +1 antimagic dagger
Armour
 b - a +1 robe (worn)
 l - a +0 buckler
Scrolls
 j - a scroll of blinking
Potions
 e - a potion of curing
 f - a potion of heal wounds
 g - a potion of haste
 h - 2 potions of magic
 i - a potion of berserk rage
Books
 c - a book of Maledictions

   Spells                             Type                      Level
   a - Corona                         Hexes                        1
   b - Ensorcelled Hibernation        Hexes/Ice                    2
   c - Confuse                        Hexes                        3
   d - Tukima's Dance                 Hexes                        3
   e - Dazzling Spray                 Conjuration/Hexes            3
Comestibles
 d - a bread ration


   Skills:
 + Level 1.0 Fighting
 + Level 2.6 Short Blades
 + Level 8.0 Dodging
 + Level 13.1 Stealth
 + Level 7.3 Spellcasting
 + Level 10.8 Hexes
 - Level 0.2 Ice Magic


You had 7 spell levels left.
You knew the following spells:

 Your Spells              Type           Power        Failure   Level  Hunger
a - Corona                Hex            #####..      1%          1    None
b - Ensorcelled Hibernat  Hex/Ice        ###...       1%          2    None
c - Confuse               Hex            #####...     1%          3    ##.....
d - Tukima's Dance        Hex            #####...     1%          3    ##.....
e - Dazzling Spray        Conj/Hex       ###...       4%          3    ##.....


Dungeon Overview and Level Annotations

Branches:
Dungeon (1/1)

Altars:
Cheibriados
Dithmenos
Elyvilon
Fedhas
Gozag
Hepliaklqana
Kikubaaqudgha
Nemelex Xobeh
Okawaru
Qazlal
Ru
Sif Muna
Trog
Uskayaw
Vehumet
Yredelemnul
Zin
The Shining One

Shops:
D [

Annotations:
D Sonja


Innate Abilities, Weirdness & Mutations

You are tiny and cannot use many weapons and most armour.
You have supernaturally acute eyesight. (SInv)
You are a herbivore.
You cover ground extremely quickly.
You need consume almost no food.


Message History

Aim: Sonja, wielding an enchanted blowgun (chance to defeat MR: 62%) Sonja resists with significant effort.
Sonja shoots a curare-tipped needle.
The curare-tipped needle hits you.
You are poisoned.
You have difficulty breathing.
* * * LOW HITPOINT WARNING * * *
You feel yourself slow down.
Sonja shoots a curare-tipped needle.
The curare-tipped needle barely misses you.
Casting: Ensorcelled Hibernation
Confirm with . or Enter, or press ? or * to list all spells.
Aiming: Ensorcelled Hibernation
Press: ? - help, Shift-Dir - straight line, f/p - Sonja
Aim: Sonja, wielding an enchanted blowgun (chance to defeat MR: 62%) Sonja resists with significant effort.
* * * LOW HITPOINT WARNING * * *
You feel sick.
Sonja shoots a curare-tipped needle.
The curare-tipped needle hits you.
You are more poisoned.
You have difficulty breathing.
You die...

#<.#..'..#.)'..#
#..)..#..'..#..+
#..#####'#####'#
#..####..#...#.#
#..#__####..##(#
#..#_____##'#..+
#⌠⌠#_.∩..†'..K_#
####_..__##_.#'#
#_____###@#.#
#########.###
+$.$+ #$.(#
##.## #+#


You could see Sonja.

Vanquished Creatures
  Sigmund (D)
  A yak (D)
  An ogre (D)
  A jelly (D)
  Ijyb (D)
5 creatures vanquished.

Notes
Turn   | Place    | Note
-------+----------+-------------------------------------------
     0 | D        | poirepourri the Spriggan Enchanter began the quest for the Orb.
     0 | D        | Reached XP level 1. HP: 9/9 MP: 5/5
     1 | D        | Noticed Ijyb
    23 | D        | Killed Ijyb
    23 | D        | Reached skill level 6 in Stealth
    23 | D        | Reached skill level 5 in Hexes
    23 | D        | Reached XP level 2. HP: 2/13 MP: 5/8
   529 | D        | Learned a level 2 spell: Ensorcelled Hibernation
   531 | D        | Noticed an ogre
   541 | D        | Upgraded the game from 0.19-a0-1626-g5215c36 to 0.19-a0-1637-gfc13266
   545 | D        | Killed an ogre
   545 | D        | Reached skill level 5 in Dodging
   545 | D        | Reached skill level 8 in Stealth
   545 | D        | Reached skill level 5 in Spellcasting
   545 | D        | Reached XP level 3. HP: 17/17 MP: 0/10
   545 | D        | Reached XP level 4. HP: 21/21 MP: 0/12
   649 | D        | Noticed Sigmund
   652 | D        | Killed Sigmund
   652 | D        | Reached skill level 11 in Stealth
   652 | D        | Reached XP level 5. HP: 25/25 MP: 13/15
   652 | D        | Reached XP level 6. HP: 29/29 MP: 13/16
   676 | D        | Found a deep blue altar of Sif Muna.
   678 | D        | Found a radiant altar of Vehumet.
   683 | D        | Learned a level 3 spell: Confuse
   687 | D        | Learned a level 3 spell: Tukima's Dance
   691 | D        | Learned a level 3 spell: Dazzling Spray
   694 | D        | Reached skill level 10 in Hexes
   697 | D        | Found Castreg's Antique Armour Emporium.
   697 | D        | Found an ancient bone altar of Kikubaaqudgha.
   697 | D        | Found a hazy altar of Hepliaklqana.
   697 | D        | Found a stormy altar of Qazlal.
   697 | D        | Found a hide-covered altar of Uskayaw.
   697 | D        | Found a blossoming altar of Fedhas.
   697 | D        | Found a bloodstained altar of Trog.
   697 | D        | Found an iron altar of Okawaru.
   697 | D        | Found a basalt altar of Yredelemnul.
   697 | D        | Found a glowing golden altar of the Shining One.
   697 | D        | Found a snail-covered altar of Cheibriados.
   697 | D        | Found a sacrificial altar of Ru.
   697 | D        | Found a glowing silver altar of Zin.
   697 | D        | Found a shadowy altar of Dithmenos.
   697 | D        | Found a white marble altar of Elyvilon.
   697 | D        | Noticed a yak
   698 | D        | Found an opulent altar of Gozag.
   699 | D        | Killed a yak
   699 | D        | Reached skill level 1 in Fighting
   699 | D        | Reached skill level 13 in Stealth
   700 | D        | Found a sparkling altar of Nemelex Xobeh.
   706 | D        | Bought a buckler for 139 gold pieces
   710 | D        | Became a worshipper of Dithmenos the Shadowed
   758 | D        | Noticed Sonja
   769 | D        | HP: 1/30 [poisoned by Sonja (curare-tipped needle)]
   769 | D        | Asphyxiated

Vault maps used:
D:        dungeon_sprint_1

Skill      XL: |  1  2  3  4  5  6 |
---------------+-------------------+-----
Dodging        | 4 5 6 8 |  8.0
Stealth        | 6 8 11 13 | 13.1
Spellcasting   | 4 5 6 7 |  7.3
Hexes          | 5 7 9 10 | 10.8
Short Blades   | 2 |  2.6
Fighting       | 1 |  1.0
Ice Magic      | |  0.2

Action                   |  1- 3 |  4- 6 || total
-------------------------+-------+-------++-------
Melee: Dagger            |    25 |     3 ||    28
 Cast: Ensorcelled Hiber |     4 |     5 ||     9
 Stab: Sleeping          |     2 |     3 ||     5
Armor: Robe              |     1 |       ||     1
Dodge: Dodged            |    14 |     6 ||    20
